Map: Miner Evacuation

Players

Samtheripper

  • Race: Protoss Protoss
  • Spawn Location: 7:00

Smileblind

  • Race: Protoss Protoss
  • League: Silver
  • Spawn Location: 7:00

VOD

Have the link to the VOD?

Description

Time

  • Played on: Feb. 7, 2019, 12:39 p.m.
  • Length: 17:33
Show
View Real Time Build Order
Export as new Build Order

Samtheripper Protoss 

Build Orders:  

Get SALT Encoding   

  12  0:04  Probe (Chrono Boost)  
  13  0:18  Probe (Chrono Boost)  
  14  0:41  Xel'Naga Passageway  
  14  0:43  Probe (Chrono Boost)  
  15  0:57  Probe (Chrono Boost)  
  14  1:54  Probe (Chrono Boost)  
  15  2:04  Core Forge  
  15  2:08  Probe (Chrono Boost)  
  16  2:22  Probe (Chrono Boost)  
  17  2:36  Probe (Chrono Boost)  
  18  2:50  Probe (Chrono Boost)  
  18  2:55  Xel'Naga Ambusher  
  21  3:04  Probe (Chrono Boost)  
  22  3:17  Probe (Chrono Boost)  
  23  3:31  Xel'Naga Shieldguard  
  25  3:45  Constructs Facility  
  25  3:54  Void Shrine  
  25  4:00  Xel'Naga Ambusher  
  27  4:35  Xel'Naga Shieldguard  
  29  5:48  Ancient Nexus  
  29  6:29  Xel'Naga Enforcer  
  33  6:38  Constructs Bay  
  33  7:23  Probe (Chrono Boost)  
  33  7:24  Xel'Naga Watcher  
  33  7:28  Probe (Chrono Boost)  
  37  7:40  Probe (Chrono Boost)  
  37  7:42  Probe (Chrono Boost)  
  38  7:56  Probe (Chrono Boost)  
  38  7:57  Probe (Chrono Boost)  
  40  8:02  Xel'Naga Passageway  
  40  8:03  Xel'Naga Abrogator  
  43  8:10  Probe (Chrono Boost)  
  43  8:14  Probe (Chrono Boost)  
  45  8:24  Probe (Chrono Boost)  
  47  8:31  Probe (Chrono Boost)  
  47  8:37  Probe (Chrono Boost)  
  48  8:48  Probe (Chrono Boost)  
  49  8:53  Xel'Naga Abrogator, Probe (Chrono Boost)  
  53  9:05  Probe (Chrono Boost)  
  53  9:06  Probe (Chrono Boost)  
  56  9:20  Probe (Chrono Boost)  
  56  9:22  Probe (Chrono Boost)  
  56  9:23  Zoraya Legion  
  57  9:34  Probe (Chrono Boost)  
  57  9:39  Xel'Naga Ambusher, Probe (Chrono Boost)  
  62  9:50  Probe (Chrono Boost)  
  62  10:13  Xel'Naga Ambusher  
  64  11:54  Xel'Naga Ambusher  
  64  11:55  Xel'Naga Ambusher  
  68  12:19  Zoraya Legion  
  68  12:29  Xel'Naga Ambusher x2  
  72  13:04  Xel'Naga Shieldguard x2  
  76  13:33  Void Templar x2  
  80  14:07  Void Templar  
  80  14:08  Void Templar  
  83  14:27  Xel'Naga Abrogator  
  85  14:42  Void Templar x2  
  89  15:16  Void Templar x2, Xel'Naga Enforcer  
  97  16:11  Zoraya Legion  
Show
View Real Time Build Order
Export as new Build Order

Smileblind Protoss 

Build Orders:  

Get SALT Encoding   

  12  0:03  Probe (Chrono Boost)  
  13  0:17  Probe (Chrono Boost)  
  14  0:30  Pylon  
  14  0:31  Probe (Chrono Boost)  
  15  0:54  Probe (Chrono Boost)  
  16  1:01  Gateway  
  16  1:44  Probe (Chrono Boost)  
  17  1:58  Probe (Chrono Boost)  
  18  2:13  Zealot  
  18  2:19  Probe (Chrono Boost)  
  21  2:30  Assimilator  
  21  2:33  Probe (Chrono Boost)  
  22  2:44  Pylon  
  22  2:47  Probe (Chrono Boost)  
  23  3:02  Pylon  
  23  3:09  Probe (Chrono Boost)  
  24  3:19  Cybernetics Core  
  24  3:23  Probe (Chrono Boost)  
  24  3:25  Assimilator  
  25  3:36  Probe (Chrono Boost)  
  26  3:41  Gateway  
  26  3:50  Probe (Chrono Boost), Zealot  
  29  4:04  Zealot  
  29  4:05  Zealot  
  33  4:19  Dragoon  
  35  5:05  Dragoon  
  37  5:20  Dragoon  
  33  5:55  Zealot  
  33  6:19  Dragoon  
  31  6:23  Probe (Chrono Boost)  
  32  6:37  Probe (Chrono Boost)  
  32  6:39  Pylon  
  33  6:51  Probe (Chrono Boost)  
  33  6:52  Zealot  
  34  7:26  Dragoon x3  
  40  7:56  Dragoon  
  40  7:57  Dragoon  
  44  8:03  Stargate  
  44  8:18  Robotics Facility  
  44  8:22  Probe (Chrono Boost)  
  43  8:41  Gateway  
  43  8:45  Gateway  
  43  8:52  Dragoon  
  43  8:53  Dragoon  
  43  8:58  Forge  
  47  9:08  Pylon  
  47  9:10  Pylon  
  47  9:14  Pylon  
  47  9:35  Zealot x3  
  47  9:36  Zealot  
  55  9:44  Immortal  
  59  9:50  Phoenix  
  61  10:02  Dragoon  
  63  10:13  Zealot  
  65  10:28  Phoenix  
  67  10:39  Immortal  
  69  10:59  Zealot  
  67  11:13  Dragoon x2  
  67  11:34  Immortal  
  67  11:36  Pylon  
  71  11:40  Pylon  
  69  12:12  Phoenix  
  71  12:27  Pylon  
  71  12:47  Phoenix  
  73  12:57  Pylon  
  73  13:00  Pylon  
  73  13:10  Immortal  
  77  13:31  Photon Cannon  
  77  13:33  Photon Cannon  
  77  13:34  Protoss Ground Weapons Level 1  
  75  14:01  Nexus  
  75  14:24  Zealot x2  
  79  14:36  Pylon  
  79  15:11  Dragoon  
  79  15:12  Dragoon x2  
  85  15:20  Phoenix  
  85  15:29  Assimilator  
  83  16:03  Dragoon x3  
  89  16:39  Zealot x3  
  93  16:40  Zealot x2  
  85  17:00  Dragoon  
  85  17:01  Dragoon  
Tags
 
Add a new tag
Caveats
  • Supply blocks, unpowered buildings, or Contaminate may cause inaccurate times.
  • Supply counts are checked every 10 seconds.